[Event "*** Titled Tuesday Blitz"]
[Site "Chess.com"]
[Date "2020.11.24"]
[Round "4"]
[White "NikolaGry"]
[Black "Nitzan_Steinberg"]
[Result "0-1"]
[WhiteElo "2730"]
[BlackElo "2865"]
[TimeControl "180+1"]
[EndTime "10:56:40 PST"]
[Termination "Nitzan_Steinberg won on time"]

1. b3 e5 2. Bb2 Nc6 3. c4 g6 4. e3 Bg7 5. Nf3 Nge7 6. d4 exd4 7. Nxd4 O-O 8. Be2 d6 9. O-O Re8 10. Nxc6 Nxc6 11. Bxg7 Kxg7 12. Nc3 Bf5 13. Qd2 h5 14. Nd5 Be6 15. Qb2+ f6 16. Rac1 a5 17. a3 Bf7 18.
Rfd1 b6 19. Nf4 Ne5 20. Bd3 g5 21. Nd5 h4 22. h3 Bh5 23. f3 c6 24. Nc3 Qe7 25.
e4 Rad8 26. Be2 Ng6 27. b4 Qe5 28. b5 cxb5 29. Qxb5 Nf4 30. Bf1 Qc5+ 31. Qxc5 dxc5 32. Rb1 Rxd1 33. Rxd1 Bf7 34. Nd5 Rd8 35. Rb1 Bxd5 36.
cxd5 Rd6 37. Kf2 f5 38. Re1 fxe4 39. fxe4 Ng6 40. Bb5 Ne5 41. Ke3 Rf6 42. Be2 Kf8 43. a4 Ke7 44. Rg1 Kd6 45. g3 c4 46. gxh4 gxh4 47. Rg8 c3 48. Rc8 Rg6 49. Rxc3 Rg3+ 50. Kd2 Rg2 51. Ke1 Nd7 52. Rc6+ Ke5 53. Re6+ Kd4 54.
Bb5 Nc5 55. Rh6 Ke3 56. Kd1 Nxe4 57. d6 Rd2+ 58. Kc1 Rxd6 59. Rxh4 Rd4 60. Rg4 Rb4 61.
h4 Rb3 62. h5 Rc3+ 0-1

[Event "*** Titled Tuesday Blitz"]
[Site "Chess.com"]
[Date "2020.11.24"]
[Round "4"]
[White "Jungle_Jaguar"]
[Black "tdf98pantani"]
[Result "1-0"]
[WhiteElo "2622"]
[BlackElo "2712"]
[TimeControl "180+1"]
[EndTime "10:56:40 PST"]
[Termination "Jungle_Jaguar won by checkmate"]

1. e4 e5 2. Nf3 Nc6 3. Bb5 a6 4. Ba4 Nf6 5. O-O Be7 6. Re1 b5 7. Bb3 O-O 8. a4 b4 9. d4 d6 10. dxe5 Nxe5 11. Nxe5 dxe5 12. Qe2 Bb7 13. Nd2 a5 14. Bc4 h6 15. Bd3 Bc5 16. Nb3 Bb6 17. Be3 Qe7 18. f3 Nh5 19. Bc4 Nf4 20. Qf2 Qf6 21.
Rad1 Rfd8 22. Nc5 Bc6 23. b3 Rxd1 24. Rxd1 Rd8 25. Nd3 Bxe3 26. Qxe3 Qg5 27. Qd2 g6 28. Kh1 Kg7 29. g3 Nxd3 30. Qxg5 hxg5 31. Rxd3 Rxd3 32. Bxd3 f5 33. h3 Kf6 34. Kg2 f4 35. g4 Ke7 36. Bc4 Be8 37. Kf2 Kd6 38. Ke2 Kc5 39.
Kd3 Kd6 40. Bg8 c6 41. Bc4 Ke7 42. Ba6 Bd7 43. Kc4 Kd6 44. Kd3 Be6 45. Bc4 Bc8 46. Ke2 Kc5 47. Bf7 Ba6+ 48. Kf2 Kd4 49. Bxg6 Kc3 50.
Bf7 c5 51. h4 gxh4 52. g5 c4 53. g6 Kxc2 54. g7 cxb3 55. Bxb3+ Kxb3 56. g8=Q+ Bc4 57. Qb8 Kxa4 58. Qxe5 b3 59. Qb2 Kb4 60. e5 a4 61.
Qd2+ Ka3 62. e6 Bxe6 63. Qd6+ Ka2 64. Qxe6 a3 65. Ke2 h3 66. Qxh3 b2 67. Qe6+ Ka1 68.
Qe5 a2 69. Kd2 Kb1 70. Qe1# 1-0

[Event "*** Titled Tuesday Blitz"]
[Site "Chess.com"]
[Date "2020.11.24"]
[Round "4"]
[White "Tsyhanchuk_Stanislav"]
[Black "kkpanu9"]
[Result "0-1"]
[WhiteElo "2252"]
[BlackElo "2064"]
[TimeControl "180+1"]
[EndTime "10:56:41 PST"]
[Termination "kkpanu9 won on time"]

1. e4 c5 2. Nf3 d6 3. d4 cxd4 4. Nxd4 Nf6 5. Nc3 g6 6. Be3 Bg7 7. f3 O-O 8. Qd2 Nc6 9. O-O-O Nxd4 10. Bxd4 Be6 11. Kb1 Qc7 12. g4 Rfc8 13. h4 Qa5 14. a3 Rab8 15. h5 b5 16. Nd5 Qxd2 17. Nxf6+ Bxf6 18. Rxd2 Bxd4 19. Rxd4 Kg7 20. Bh3 Rc5 21. Bf1 Rbc8 22. Rh2 a5 23. c3 a4 24.
Rb4 Rb8 25. Be2 Kf6 26. f4 Bc4 27. Bxc4 Rxc4 28. g5+ Ke6 29. Rxc4 bxc4 30. Kc2 d5 31. exd5+ Kxd5 32. hxg6 hxg6 33. Rh7 Ke6 34. Rh3 Rb5 35. Rf3 Kf5 36. Rf2 Rd5 37. Rf1 Ke4 38. Rf2 Ke3 39. Rf1 Rd2+ 40. Kc1 Rh2 41. Rg1 Kxf4 42. Rf1+ Kxg5 43.
Rxf7 Re2 44. Rf1 Kh5 45. Rh1+ Kg4 46. Rg1+ Kf5 47. Rf1+ Ke6 48. Rg1 Kf6 49. Rf1+ Kg7 50. Rg1 e5 51. Rg3 e4 52. Rg4 Kf6 53. Rg3 Kf5 54. Rg1 g5 55. Rf1+ Ke5 56. Rg1 e3 57.
Rxg5+ Kf4 58. Rg1 Kf3 59. Rh1 Ke4 60. Rh4+ Kf3 61. Rh3+ Kg2 62. Rh4 Rf2 63. Rxc4 Kf1 64. Re4 e2 0-1

[Event "*** Titled Tuesday Blitz"]
[Site "Chess.com"]
[Date "2020.11.24"]
[Round "4"]
[White "juancruzarias"]
[Black "ViktoriyaTarasova"]
[Result "0-1"]
[WhiteElo "2541"]
[BlackElo "2300"]
[TimeControl "180+1"]
[EndTime "10:56:43 PST"]
[Termination "ViktoriyaTarasova won on time"]

1. d4 Nf6 2. Bg5 e6 3. Nd2 d5 4. e3 Be7 5. Bd3 b6 6. Qe2 Bb7 7. f4 Ne4 8. Bxe7 Qxe7 9. Ngf3 Nd7 10. O-O O-O 11. Ne5 f6 12. Nxd7 Qxd7 13. Nxe4 dxe4 14. Bc4 Bd5 15. Bb3 Bxb3 16. axb3 a5 17. c4 Rad8 18.
Rfd1 Qe7 19. Qc2 f5 20. Qc3 Rd7 21. Rd2 Rfd8 22. Rad1 Kf7 23. h3 h6 24. Qc2 Kg8 25. Qc3 Rd6 26. Kh1 Qd7 27. d5 exd5 28. Rxd5 Qe6 29. Qd4 Rxd5 30. cxd5 Qd6 31. Qc4 Kh7 32. Rd4 Rd7 33. Kh2 g6 34. Kg1 Kg7 35. Qc3 Kh7 36.
Qc2 Kg7 37. Qc1 Kh7 38. Qc3 Rd8 39. Rc4 Rd7 40. Kh2 Qxd5 41. Rxc7 Qd6 42. Rc8 Rg7 43. Ra8 g5 44. Qc8 gxf4 45. Qxf5+ Rg6 46. Ra7+ Kh8 47. exf4 Qf6 48. Qe5 Qxe5 49. fxe5 Re6 50. Kg1 Kg8 51. Rb7 Rxe5 52. Kf2 e3+ 53. Ke2 Rb5 54. Kxe3 Rxb3+ 55. Kf4 Rxb2 56. g4 a4 57. Kf5 b5 58. Kg6 Kf8 59. Ra7 Ke8 60. Kxh6 Rb3 61. g5 a3 62. h4 b4 63. g6 Rb2 64. g7 Rg2 65. Ra8+ Kd7 0-1

[Event "*** Titled Tuesday Blitz"]
[Site "Chess.com"]
[Date "2020.11.24"]
[Round "4"]
[White "LPSupi"]
[Black "Squirlolz"]
[Result "1/2-1/2"]
[WhiteElo "2923"]
[BlackElo "2540"]
[TimeControl "180+1"]
[EndTime "10:56:46 PST"]
[Termination "Game drawn by repetition"]

1. e4 e6 2. d4 d5 3. Nc3 Nf6 4. e5 Nfd7 5. f4 c5 6. Nf3 Nc6 7. Be3 a6 8. Qd2 Be7 9. dxc5 Nxc5 10. O-O-O b5 11. Kb1 b4 12. Ne2 Ne4 13. Qe1 O-O 14.
Ng3 f5 15. exf6 Nxf6 16. Bd3 a5 17. Nd4 Nxd4 18. Bxd4 Qd6 19. Rf1 Ba6 20. f5 Bxd3 21. cxd3 Ra6 22. fxe6 Qxe6 23. Nf5 Qxe1 24. Rdxe1 Bd8 25.
g4 Nxg4 26. h3 Nf6 27. Rg1 g6 28. Nh6+ Kg7 29. Ng4 h5 30. Ne5 Kh7 31. Rxg6 Rg8 32. Rxg8 Nxg8 33. Rf1 Bf6 34. Rf5 Re6 35. Rxh5+ Kg7 36.
b3 Ne7 37. Nf3 Re2 38. Rg5+ Kf7 39. Rg4 Bxd4 40. Nxd4 Rh2 41. Rf4+ Ke8 42. Rf3 Kd7 43. Re3 Nc6 44. Nf3 Rh1+ 45. Kb2 Kd6 46. d4 Rxh3 47. Rd3 Rg3 48. Re3 Nxd4 49. Nxd4 Rxe3 50. Nf5+ Ke5 51. Nxe3 Ke4 52. Nd1 Kd3 53. Kc1 d4 54. Nb2+ Ke2 55. Kc2 Ke3 56. Nd3 Ke2 57. Nc5 Ke3 58. Nb7 Ke2 59. Nc5 Ke3 60. Nd3 Ke2 61.
Nb2 Ke3 62. Nc4+ Ke2 63. Kc1 d3 64. Nd2 Ke1 65. Ne4 Ke2 66. Nd2 Ke1 67. Nf3+ Ke2 68. Nd4+ Ke1 69. Nf3+ Ke2 70. Nd2 1/2-1/2

[Event "*** Titled Tuesday Blitz"]
[Site "Chess.com"]
[Date "2020.11.24"]
[Round "4"]
[White "RobertoJBM"]
[Black "GameOverBro"]
[Result "1/2-1/2"]
[WhiteElo "2692"]
[BlackElo "2508"]
[TimeControl "180+1"]
[EndTime "10:56:47 PST"]
[Termination "Game drawn by agreement"]

1. d4 d6 2. e4 Nf6 3. Nc3 e5 4. dxe5 dxe5 5. Qxd8+ Kxd8 6. Bc4 Ke8 7. f3 c6 8. Be3 Nbd7 9. a4 Bc5 10. Kf2 a5 11. Nge2 Ke7 12. Rhd1 Bxe3+ 13. Kxe3 Nc5 14. Nc1 h5 15.
Nd3 Nfd7 16. b3 f6 17. Rd2 Nxd3 18. Bxd3 Nb6 19. Rad1 Be6 20. Be2 h4 21. Nb1 g5 22.
Na3 Rhd8 23. Rxd8 Rxd8 24. Rxd8 Kxd8 25. g3 hxg3 26. hxg3 Ke7 27. Nb1 Kd6 28. Kd2 Kc5 29. Kc3 Nc8 30. Nd2 Nd6 31. Bd3 b5 32. axb5 cxb5 33. Nf1 Nc8 34. Ne3 Nb6 35. Bf1 Nd7 36. Bd3 Nb8 37. Kd2 Nc6 38. Be2 Nd4 39. Bd1 b4 40. Kd3 Nb5 41. Be2 Nc3 42. Bf1 Nb1 43. Nd1 Na3 44. Nb2 Bd7 45. Kd2 Nb1+ 46. Ke3 Nc3 47. Bc4 Bh3 48. Nd3+ Kd6 49. Nb2 Bg2 50. g4 Kc5 51. Nd3+ Kd6 52. Ne1 Bh1 53. Bf1 Nd1+ 54. Kd2 Nf2 55. Ke2 Nxe4 56. fxe4 Bxe4 57. Bg2 Bg6 58. Ke3 f5 59. gxf5 Bxf5 60. Be4 Be6 61. Nf3 g4 62. Nd2 Kc5 63. Bd3 Bd5 64. Be4 Be6 65. Nf1 Kb5 66. Bd3+ Kc5 67. Ng3 Bd7 68. Ne4+ Kb6 69. Be2 a4 70. bxa4 Bxa4 71. Kd2 Kc6 72.
Bxg4 Kd5 73. Bf3 Kd4 74. Ng3 b3 75. Ne2+ Kc4 76. cxb3+ Bxb3 77. Ke3 Bd1 1/2-1/2

[Event "*** Titled Tuesday Blitz"]
[Site "Chess.com"]
[Date "2020.11.24"]
[Round "4"]
[White "biostatistician"]
[Black "ZverevLev"]
[Result "1-0"]
[WhiteElo "2550"]
[BlackElo "2283"]
[TimeControl "180+1"]
[EndTime "10:56:50 PST"]
[Termination "biostatistician won by resignation"]

1. d4 Nf6 2. Nf3 d5 3. c4 e6 4.
Bg5 Be7 5. e3 c6 6. Nc3 O-O 7.
Bd3 dxc4 8. Bxc4 b5 9. Bd3 Bb7 10. O-O a6 11. Qc2 Nbd7 12. Bxf6 Nxf6 13. Ne4 Nxe4 14.
Bxe4 h6 15. Rac1 Rc8 16. Ne5 Bd6 17. Nxc6 Qg5 18. Qb1 f5 19. Bf3 Qf6 20. Rc2 Rc7 21. d5 exd5 22. Bxd5+ Kh8 23. Rfc1 Rfc8 24. g3 g5 25. Nb4 Rxc2 26. Rxc2 Rxc2 27. Qxc2 Bxd5 28. Nxd5 Qe5 29. Qc3 Kg7 30. b3 Kf7 31. Qxe5 Bxe5 32. f4 Bd6 33. Kf2 Ke6 34. Nc3 Bb4 35. Ne2 Bc5 36.
fxg5 hxg5 37. h4 gxh4 38. gxh4 Ke5 39. Kf3 Be7 40. h5 Bg5 41. Nd4 f4 42. Nc6+ Kf5 43. exf4 Bxf4 44. Ne7+ Kg5 45. h6 Be5 46. h7 Kh6 47. Nc6 Bf6 48. Nb8 a5 49. Ke4 Bg7 50. Kd5 a4 51. b4 a3 52. Kc5 Kxh7 53. Kxb5 Be5 54. Nc6 Bd6 55. Ka6 Kg6 56. b5 Kf6 57. b6 Ke6 58. b7 Kd5 59. Kb5 Ke4 60. Kc4 Ke3 61. b8=Q Bc7 62. Qxc7 1-0

[Event "*** Titled Tuesday Blitz"]
[Site "Chess.com"]
[Date "2020.11.24"]
[Round "4"]
[White "bait_or_mate"]
[Black "Unknown_IM"]
[Result "0-1"]
[WhiteElo "2595"]
[BlackElo "2400"]
[TimeControl "180+1"]
[EndTime "10:56:52 PST"]
[Termination "Unknown_IM won on time"]

1. d4 d5 2. c4 e6 3. Nf3 c6 4. g3 dxc4 5. Nbd2 b5 6. Bg2 Bb7 7. O-O Nf6 8. b3 cxb3 9. axb3 a6 10. Bb2 Nbd7 11. e4 Be7 12. Qe2 O-O 13. Rfd1 Qc8 14. Rac1 h6 15. Nf1 a5 16. d5 Nc5 17. d6 Bxd6 18. Rxd6 Nxb3 19. Rb1 Ne8 20. Rd3 a4 21. N1d2 Nxd2 22. Nxd2 c5 23. Be5 b4 24.
Nc4 Qc6 25. Qc2 a3 26. Nd6 Nxd6 27. Rxd6 Qb5 28. Bf1 Qa5 29. Bc4 Rfd8 30. Ba2 Rxd6 31.
Bxd6 Rc8 32. Rc1 c4 33. Qd2 Bxe4 34. Bxb4 Qd5 35. Qxd5 exd5 36. Rc3 Rb8 37. Bxa3 Ra8 38. f3 Bg6 39. f4 Be4 40. Kf2 Rd8 41. Ke1 Bd3 42.
Bc1 Ra8 43. Bb3 Ra1 44. Kd2 d4 45. Rxc4 Bxc4 46. Bxc4 Ra4 47. Bd3 Ra2+ 48. Bc2 g6 49. Kd3 Kg7 50. Bd2 Rb2 51. Ba5 Ra2 52.
Bb6 Kh7 53. Bxd4 Ra3+ 54. Ke2 Ra2 55. Kd2 Ra8 56. Bc3 Rd8+ 57. Bd3 Ra8 58. Ke3 Ra2 59.
Bd2 Ra3 60. Ke2 Ra2 61. Be4 Ra4 62. Bf3 Ra2 63. Ke3 Ra3+ 64. Ke2 Ra2 65. Bg2 Rb2 66. Kd3 Ra2 67. Bf3 Ra3+ 68. Ke4 f5+ 0-1

[Event "*** Titled Tuesday Blitz"]
[Site "Chess.com"]
[Date "2020.11.24"]
[Round "4"]
[White "PlotnikovPavel"]
[Black "PaulfromSPb"]
[Result "0-1"]
[WhiteElo "2491"]
[BlackElo "2670"]
[TimeControl "180+1"]
[EndTime "10:56:54 PST"]
[Termination "PaulfromSPb won by checkmate"]

1. e4 c5 2. Nc3 Nc6 3. Bb5 Nd4 4. Nf3 e6 5. O-O Ne7 6. Nxd4 cxd4 7. Ne2 a6 8. Bd3 Nc6 9. b3 Bc5 10. Bb2 O-O 11.
c3 dxc3 12. dxc3 d5 13. exd5 exd5 14. Qc2 h6 15. Rad1 Qg5 16. Bc1 Qf6 17. Nf4 Be6 18. Nh5 Qh4 19. Ng3 Ne5 20. Bf5 Rae8 21. Rde1 Ng4 22.
Bxg4 Qxg4 23. Be3 Bd6 24. Bd4 Rc8 25. Qd3 h5 26. h3 Qg5 27. Be3 Qh4 28. Qd2 Bxg3 29.
Bg5 Bxf2+ 30. Rxf2 Qg3 31. Rf3 Qc7 32. Bf4 Qc5+ 33.
Be3 Qxc3 34. Qf2 Qc6 35. Bd4 f6 36. Qh4 Rce8 37. Ref1 Bf7 38. Rg3 Re4 39. Qxf6 Qxf6 40. Bxf6 g6 41. Rgf3 Be6 42. Rc1 Rf7 43. Kf2 Kh7 44. Bg5 Bf5 45. Rc8 Kg7 46. Rd8 d4 47. Rd6 b5 48. Rf4 Be6 49. Kg3 Rfxf4 50. Bxf4 Kf7 51.
Kf3 Re1 52. Rxd4 Ra1 53. Rd2 Rf1+ 54. Kg3 h4+ 55. Kxh4 Rxf4+ 56. Kg3 Rf6 57. Rd6 Bf5 58. Rd4 Rc6 59. Kf4 Kf6 60. h4 Bb1 61. g4 Bxa2 62.
b4 Rc4 63. g5+ Ke6 64. Rxc4 bxc4 65. Ke4 Bb1+ 66. Kd4 Bd3 67. h5 gxh5 68. g6 Kf6 69.
Kc5 Kg7 70. Kb6 c3 71. b5 axb5 72. Ka6 c2 73. Ka5 c1=Q 74. Ka6 b4+ 75. Ka5 b3 76. Ka4 b2 77. Ka3 b1=Q+ 78. Ka4 Qc4+ 79. Ka5 Qcb5# 0-1

[Event "*** Titled Tuesday Blitz"]
[Site "Chess.com"]
[Date "2020.11.24"]
[Round "4"]
[White "kakorrhaphiophobie"]
[Black "szachuspl"]
[Result "1/2-1/2"]
[WhiteElo "2329"]
[BlackElo "2494"]
[TimeControl "180+1"]
[EndTime "10:56:55 PST"]
[Termination "Game drawn - insufficient material"]

1. e4 c5 2. d4 cxd4 3. c3 d3 4. Bxd3 Nc6 5. c4 Nf6 6. Nf3 e5 7. O-O Bc5 8. Nc3 O-O 9. Bg5 h6 10. Bh4 d6 11. Nd5 g5 12. Nxg5 Nxd5 13. exd5 hxg5 14.
Qh5 f5 15. Qg6+ Kh8 16. Bxg5 Qc7 17. Bf6+ Rxf6 18. Qxf6+ Qg7 19. Qxg7+ Kxg7 20. dxc6 bxc6 21. g3 Kf6 22. Kg2 Be6 23. b3 e4 24. Bc2 d5 25.
cxd5 cxd5 26. f3 Ke5 27. Rae1 Rh8 28. g4 Kd4 29. gxf5 Bxf5 30. Kh1 Bh3 31. fxe4 Bxf1 32. Rxf1 dxe4 33. Rd1+ Ke5 34. Re1 e3 35. Re2 Rg8 36.
Bd3 Kd4 37. Bc4 Rg7 38. h3 a5 39. a4 Bd6 40. Rg2 Rh7 41. Rg4+ Kc3 42. Kg2 Bc5 43. Re4 Rh6 44. h4 Rf6 45. h5 Kd2 46. Kg3 Bd6+ 47. Kg4 Rf2 48. h6 Rg2+ 49. Kf5 Bc5 50. h7 Rh2 51. Kg6 Bb4 52. Rd4+ Kc2 53. Rd5 Bc3 54.
Rh5 Rxh5 55. Kxh5 Kd2 56. Kg6 e2 57. Bxe2 Kxe2 58. Kf7 Kd2 59. Kg8 Kc2 60. b4 axb4 61. a5 b3 62. a6 b2 63. a7 b1=Q 64. a8=Q Qg1+ 65. Kf7 Qg7+ 66. Ke6 Qxh7 67. Qg2+ Bd2 68. Qd5 Qg8+ 69. Kd6 Bb4+ 70. Ke5 Qg5+ 71. Kd4 Qd2+ 72. Kc4 Qc3+ 73. Kb5 Qb2 74. Qc4+ Bc3+ 75. Kc6 Qb8 76. Qe4+ Kb2 77. Qe2+ Ka3 78. Qa6+ Kb2 79. Qb5+ Qxb5+ 80. Kxb5 1/2-1/2

[Event "*** Titled Tuesday Blitz"]
[Site "Chess.com"]
[Date "2020.11.24"]
[Round "4"]
[White "Shahinyan_ChessMood"]
[Black "frederiksvane"]
[Result "1-0"]
[WhiteElo "2849"]
[BlackElo "2724"]
[TimeControl "180+1"]
[EndTime "10:56:58 PST"]
[Termination "Shahinyan_ChessMood won by resignation"]

1. e4 c5 2. Nc3 e6 3. g3 d5 4.
exd5 exd5 5. d3 Nf6 6. Bg2 Be7 7. Bg5 O-O 8. Nge2 Nc6 9. O-O d4 10. Bxf6 Bxf6 11. Nd5 Be5 12. Re1 Bd6 13. Nef4 Bf5 14. Qh5 Qd7 15. h3 Rae8 16. g4 Bg6 17. Qh4 h6 18. Nh5 Qd8 19. Nhf6+ gxf6 20. Qxh6 Nb4 21.
f4 Nxd5 22. Bxd5 Bh7 23. Bb3 Qc7 24. Qxf6 Rxe1+ 25. Rxe1 Bxf4 26. Re7 Be3+ 27. Kg2 Qc6+ 28. Qxc6 bxc6 29. Rxa7 Kg7 30. a4 Bg6 31. a5 Rb8 32. h4 c4 33. Bxc4 Rxb2 34. h5 Rxc2+ 35. Kg3 Rxc4 36. dxc4 Bd3 37. a6 Bxc4 38. Rxf7+ Bxf7 39. a7 d3 40. a8=Q d2 41. Qa4 Bd5 42. Qc2 Kf8 43. Qd3 Bg5 44. Qf5+ Ke8 45. Qd3 Ke7 46. Kf2 Ke6 47.
Ke2 Bf6 48. Qf5+ Ke7 49. Kxd2 Be6 50. Qh7+ Kd6 51. Qg6 Ke5 52. g5 Be7 53. Qg7+ Kd6 54. g6 Bg5+ 55. Kd3 Bf5+ 56. Ke2 Bg4+ 57. Kf2 Bxh5 58. Qd4+ Ke6 59. g7 Bf7 60. Qc4+ Kf6 61. g8=Q Bxc4 62. Qxc4 Bf4 63. Qxc6+ Kf5 64. Qf3 Ke5 65.
Qg4 Ke4 66. Qg6+ Ke5 67. Kf3 Bc1 68. Qe4+ Kf6 69. Qd4+ Kg6 70. Qe4+ Kf6 71. Qc6+ Kg5 72. Qxc1+ Kf5 1-0

[Event "*** Titled Tuesday Blitz"]
[Site "Chess.com"]
[Date "2020.11.24"]
[Round "4"]
[White "2nd_life"]
[Black "JonahWillow"]
[Result "1-0"]
[WhiteElo "2500"]
[BlackElo "2646"]
[TimeControl "180+1"]
[EndTime "10:56:59 PST"]
[Termination "2nd_life won by resignation"]

1. e4 c5 2. Nf3 Nc6 3. Bb5 g6 4.
Bxc6 dxc6 5. d3 Bg7 6. h3 e5 7. a3 Ne7 8. b4 cxb4 9. axb4 h6 10. Nbd2 O-O 11. Nc4 Be6 12. Ncxe5 Bxe5 13. Nxe5 Qd4 14. Bxh6 Qxe5 15. Bxf8 Kxf8 16. O-O g5 17. Qh5 Ng6 18. h4 gxh4 19. Qxe5 Nxe5 20. f4 Ng4 21. f5 Bd7 22.
Rf4 Nh6 23. Rxh4 Kg7 24. Kf2 f6 25. Rah1 Rh8 26. Kf3 Nf7 27. Rxh8 Nxh8 28. g4 Nf7 29. d4 Nd6 30. Kf4 Nb5 31. Ke3 Be8 32. c4 Nd6 33. c5 Nb5 34. d5 cxd5 35. exd5 Nc3 36. d6 Nd5+ 37. Kd2 Nxb4 38. Re1 Kf8 39. Re7 Bc6 40. Rh7 Ke8 41. Re7+ Kd8 42. g5 Nd5 43. Rg7 fxg5 44. Rxg5 a6 45. Rg8+ Kd7 46. Rg7+ Ke8 47. Kd3 a5 48.
Kd4 a4 49. Rg3 Kf7 50. Ke5 Nf6 51. Rh3 Nd7+ 52. Kf4 Nxc5 53. Rh7+ Kf6 54. Rh6+ Kg7 55. Rg6+ Kf7 56. Ke5 a3 57. Rg3 a2 58. Ra3 Nd3+ 59.
Kd4 Nc1 60. Kc3 Bd5 61. Kb2 Ne2 62. Rd3 Nf4 63. Rd4 Ke8 64. Rxf4 Kd7 65. f6 Bf7 66. Rd4 b5 67. Re4 Kxd6 68. Re7 Bd5 69. Re8 Kd7 70. Re7+ Kd6 71. Re8 Bf7 72. Re7 Bc4 73. Re1 Kd7 74. Re7+ Kd6 75. Ra7 b4 76. f7 Bxf7 77. Rxf7 Kc5 78. Ra7 b3 79. Ra3 Kb4 80. Rxb3+ Ka4 81. Ra3+ Kb4 82. Rxa2 1-0

[Event "*** Titled Tuesday Blitz"]
[Site "Chess.com"]
[Date "2020.11.24"]
[Round "4"]
[White "Skat2704"]
[Black "verdest"]
[Result "0-1"]
[WhiteElo "2386"]
[BlackElo "2621"]
[TimeControl "180+1"]
[EndTime "10:57:00 PST"]
[Termination "verdest won by resignation"]

1. d4 Nf6 2. c4 e6 3. g3 d5 4. Nf3 Bb4+ 5. Bd2 Be7 6. Bg2 O-O 7. O-O c6 8. Qc2 Nbd7 9. Bf4 b6 10. Nbd2 Bb7 11. e4 dxe4 12. Nxe4 Nxe4 13. Qxe4 Nf6 14. Qe2 c5 15. Rfd1 cxd4 16. Nxd4 Qc8 17. Bh3 Kh8 18.
Rac1 Bc5 19. Bg2 Bxg2 20. Kxg2 Rd8 21. Nb5 Qc6+ 22. Qf3 Qxf3+ 23. Kxf3 h6 24. a3 Rxd1 25. Rxd1 a6 26. Nc7 Ra7 27. b4 Be7 28. b5 axb5 29. Nxb5 Ra4 30. Bd6 Bxd6 31. Rxd6 Rxc4 32. Rxb6 Nd5 33. Rb8+ Kh7 34. Kg2 Kg6 35. Nd6 Ra4 36.
Rb3 f6 37. Nb5 e5 38. Nd6 f5 39. Nc8 e4 40. h4 f4 41. Rb5 f3+ 42. Kh3 Nc3 43. Rb6+ Kh7 44. h5 Nd1 45. Ne7 Nxf2+ 46. Kh2 Ng4+ 47. Kg1 Nf6 48. Ng6 Nxh5 49. Nh4 Nxg3 50.
Rb3 Ne2+ 51. Kf2 Nf4 52. Nf5 Nd3+ 53. Ke3 f2 54. Ng3 Rc4 55. Nf1 Rc1 56. Nd2 Re1+ 57.
Kd4 f1=Q 58. Nxf1 Rxf1 59. a4 h5 60. a5 Ra1 61. Rb5 Nf2 62. Ke3 Ng4+ 63. Kxe4 Nf6+ 64.
Kf3 h4 65. Kg2 Kh6 66. Kh3 g5 67. Rb6 Ra3+ 68. Kg2 Kg6 69. a6 g4 0-1

[Event "*** Titled Tuesday Blitz"]
[Site "Chess.com"]
[Date "2020.11.24"]
[Round "4"]
[White "elcandado"]
[Black "Aureliano-Buendia"]
[Result "1/2-1/2"]
[WhiteElo "2654"]
[BlackElo "2490"]
[TimeControl "180+1"]
[EndTime "10:57:03 PST"]
[Termination "Game drawn - insufficient material"]

1. d4 d5 2. Bf4 c5 3. c3 cxd4 4. cxd4 Nc6 5. e3 Nf6 6. Nc3 a6 7. Nf3 Bg4 8. Be2 e6 9. Ne5 Nxe5 10. Bxe5 Bxe2 11. Qxe2 Nd7 12. Bg3 Bb4 13. Rc1 Rc8 14. O-O Bxc3 15. bxc3 b5 16. a4 Qb6 17. axb5 axb5 18.
Rb1 Rc4 19. Rb3 Qc6 20. Rfb1 O-O 21. h3 Nf6 22. Rxb5 Ne4 23. Rb8 Nxg3 24. fxg3 Rxc3 25. Kh2 g6 26. Qf3 Qd7 27. Qf6 Rxb8 28. Rxb8+ Rc8 29. Rb1 h5 30. Rf1 Qc7 31. h4 Rb8 32. Kh3 Rb3 33. Rf3 Rb1 34. Kh2 Rb2 35. Rf4 Rb7 36.
g4 hxg4 37. h5 Qe7 38. hxg6 Qxf6 39. Rxf6 fxg6 40. Rxe6 Kf7 41. Re5 Rd7 42. Kg3 Kf6 43.
Kxg4 Rd8 44. Kf4 Rd7 45. g4 Rd8 46. g5+ Kf7 47. e4 dxe4 48. Kxe4 Ra8 49. d5 Ra4+ 50. Kd3 Ra6 51. Kc4 Ra1 52. d6 Rc1+ 53.
Kd5 Rd1+ 54. Kc6 Rc1+ 55. Rc5 Rd1 56. Rd5 Rc1+ 57. Rc5 Rd1 58. Kc7 Ke6 59. Rc6 Rd5 60. Rb6 Rd3 61. Rc6 Rd4 62. d7+ Ke7 63. Rxg6 Rxd7+ 64. Kc6 Rd1 65. Rg7+ Ke6 66. Rg6+ Kf5 67. Rg8 Rd2 68.
Kc5 Rd1 69. Kc4 Rd6 70. Kc3 Rg6 71. Rxg6 Kxg6 72. Kd4 Kxg5 1/2-1/2

[Event "*** Titled Tuesday Blitz"]
[Site "Chess.com"]
[Date "2020.11.24"]
[Round "4"]
[White "Chernobay_Artem"]
[Black "Grandmaster2B"]
[Result "1/2-1/2"]
[WhiteElo "2691"]
[BlackElo "2507"]
[TimeControl "180+1"]
[EndTime "10:57:07 PST"]
[Termination "Game drawn by repetition"]

1. d4 Nf6 2. c4 e6 3. Nf3 Bb4+ 4. Nbd2 b6 5. a3 Bxd2+ 6. Qxd2 Bb7 7. e3 d6 8. Be2 Qe7 9. b4 e5 10. O-O O-O 11.
Bb2 Nbd7 12. Qc2 a5 13. d5 axb4 14. axb4 b5 15. e4 bxc4 16. Bxc4 Nb6 17. Bd3 Rfc8 18. b5 Nfd7 19. Nd2 Nc5 20. Ba3 Nxd3 21. Qxd3 Ra4 22.
Bb2 Rca8 23. Rac1 Qd7 24. Rc2 Rb4 25. Bc3 Qxb5 26. Qg3 Rba4 27. f4 Qc5+ 28. Kh1 Ra1 29. Bxa1 Qxc2 30. fxe5 Qxd2 31. exd6 Qh6 32. dxc7 Qg6 33.
Bd4 Qxg3 34. hxg3 Nxd5 35. Rb1 Nxc7 36. Rxb7 Ne6 37. Be3 Re8 38. Kg1 h6 39. Kf2 Nd8 40. Rb8 Rf8 41. Bc5 Re8 42. Bb6 Rxe4 43. Rxd8+ Kh7 44.
Rd7 f5 45. Bd4 Rg4 46. Kf3 h5 47. Be5 Kh6 48. Rd6+ g6 49. Rd7 h4 50. Bf4+ g5 51. Be5 hxg3 52. Bxg3 Rc4 53. Bf2 Kg6 54. Rd6+ Kf7 55.
Bd4 Rb4 56. Ke3 Rb3+ 57. Kd2 Rg3 58. Rf6+ Ke7 59. Rxf5 Rxg2+ 60. Ke3 Ke6 61. Re5+ Kd6 62. Rf5 Rg3+ 63. Ke4 Rg4+ 64. Kd3 Ke6 65. Rf6+ Kd5 66. Rf5+ Ke6 67. Re5+ Kd6 68. Ra5 Rg3+ 69. Kc4 Rg4 70. Ra6+ Ke7 71. Kd5 Rf4 72. Ra7+ Kf8 73. Be5 Rf7 74.
Ra8+ Ke7 75. Bd4 Kd7 76. Be5 Ke7 77. Ra6 Kd7 78. Ra7+ Ke8 79. Ra8+ Ke7 1/2-1/2

[Event "*** Titled Tuesday Blitz"]
[Site "Chess.com"]
[Date "2020.11.24"]
[Round "4"]
[White "DrVelja"]
[Black "Vladislav_Chizhikov"]
[Result "1/2-1/2"]
[WhiteElo "2768"]
[BlackElo "2525"]
[TimeControl "180+1"]
[EndTime "10:57:13 PST"]
[Termination "Game drawn by repetition"]

1. e4 e6 2. d4 d5 3. e5 c5 4. c3 Qb6 5. Nf3 Bd7 6. Bd3 Bb5 7. O-O Bxd3 8. Qxd3 Nc6 9. dxc5 Qxc5 10. Nbd2 Nh6 11. Nb3 Qc4 12. Qxc4 dxc4 13. Nbd2 b5 14. a4 b4 15. Nxc4 Nf5 16. Rd1 h5 17. Bg5 Rc8 18.
Rac1 Be7 19. Bxe7 Kxe7 20. Nd6 Nxd6 21. exd6+ Kd7 22. cxb4 f6 23. b5 Nb4 24. Nd4 Nd5 25.
Nc6 a6 26. Nd4 Rb8 27. bxa6 Rxb2 28. Nb5 Ra8 29. Nc7 Ra7 30. Nxd5 exd5 31. Rxd5 Ra2 32. a5 Rxa6 33. Rc7+ Ke6 34. Rd1 Rxd6 35. Re1+ Kf5 36. Rxg7 Rdd2 37. Rf1 Rxa5 38. Rg3 Raa2 39. Rf3+ Kg6 40.
h4 Ra4 41. g3 Rad4 42. Kg2 Rd1 43. Rxd1 Rxd1 44. Re3 Rd4 45. Rb3 Ra4 46. Rf3 Rb4 47.
Re3 Rc4 48. Kf3 Rb4 49. Re2 Rb3+ 50. Re3 Rb4 51. Re8 Ra4 52. Rg8+ Kh7 53. Rb8 Kg6 54. Rh8 Rb4 55. Kg2 Ra4 56. Kh3 Rb4 57. Kg2 Ra4 58.
Rc8 Rb4 59. Rc3 Ra4 60. Rb3 Rc4 61. Ra3 Rb4 62. Ra5 Rc4 63. Rd5 Rb4 64. Rd3 Ra4 65. Rf3 Rb4 66. Rf4 Rb3 67. f3 Rb2+ 68. Kh3 Ra2 69.
g4 Ra5 70. Kg3 Rb5 71. Rd4 hxg4 72. fxg4 Rb3+ 73. Kf4 Rb1 74. h5+ Kh6 75. Rd6 Rf1+ 76. Kg3 Kg5 77. Rd5+ Kh6 78. Rd8 Rg1+ 79. Kf4 Rf1+ 80.
Ke4 Kg7 81. Rd7+ Kh6 82. Rd8 Kg7 83. Ke3 Kh6 84. Ke4 1/2-1/2

[Event "*** Titled Tuesday Blitz"]
[Site "Chess.com"]
[Date "2020.11.24"]
[Round "4"]
[White "Ladislav1969"]
[Black "NeverW84M8"]
[Result "0-1"]
[WhiteElo "2348"]
[BlackElo "2576"]
[TimeControl "180+1"]
[EndTime "10:57:14 PST"]
[Termination "NeverW84M8 won on time"]

1. e4 e5 2. Bc4 Nf6 3. d3 Nc6 4. Nf3 Bc5 5. c3 d6 6. O-O O-O 7. Be3 Bxe3 8. fxe3 Ne7 9. Nbd2 c6 10.
Bb3 Ng6 11. Qe1 d5 12. exd5 cxd5 13. e4 Re8 14. exd5 Nxd5 15. Ne4 Ndf4 16. Rd1 Be6 17.
Bxe6 Rxe6 18. g3 Nd5 19. Nfg5 Re7 20. Qf2 Qb6 21. Qxb6 axb6 22. a3 Ne3 23. Rfe1 Nxd1 24. Rxd1 Rd8 25. Nf2 f5 26. Re1 h6 27. Nf3 Rde8 28.
Nd2 Nh8 29. Nc4 Re6 30. Ne3 g6 31. Nd5 Rd6 32. c4 Nf7 33. d4 e4 34. Nd1 Kf8 35.
N1c3 Rc8 36. b3 Re6 37. Nf4 Rd6 38. Nfd5 g5 39. Nb5 Re6 40. Nbc7 Rc6 41. Rf1 R6xc7 42.
Nxc7 Rxc7 43. Rxf5 Re7 44. Kf2 Ke8 45. Ke3 Nd8 46.
Rf6 Re6 47. Rxe6+ Nxe6 48. Kxe4 Ke7 49. b4 g4 50. c5 b5 51. d5 Ng5+ 52. Kf4 Nf3 53.
Kxg4 Nxh2+ 54. Kh5 Nf1 55. g4 Ne3 56. d6+ Kd7 57.
Kh4 Nd5 58. Kh5 Nf6+ 59. Kh4 Ke6 60. Kg3 Kd5 61. Kf4 Ke6 62. Kf3 Ke5 63. Kg3 Ke4 64. Kg2 Kf4 65. Kh3 Ke5 66. Kg3 Ke4 67. Kh3 Kf4 68. Kh4 Ke5 69. g5 hxg5+ 70. Kxg5 Ke6 71. Kg6 Nd5 72. Kg7 Nc3 73. Kf8 Kd7 74. Kf7 Nb1 75.
a4 bxa4 76. b5 Nc3 77. b6 Ne4 78. c6+ Kxc6 79. Ke7 Nxd6 80. Kd8 a3 81. Ke7 a2 0-1